 Dungeon Crawl Stone Soup version 0.28.0-43-g3370ac3207 (webtiles) character file.

Game seed: 10869733863962641589

77 protoss039 the Digger (level 4, -1/24 HPs)
             Began as a Deep Elf Earth Elementalist on Mar 28, 2022.
             Killed by nerve-wracking pain
             ... invoked by Jessica
              (14 damage)
             ... on level 3 of the Dungeon.
             The game lasted 00:04:30 (2282 turns).

protoss039 the Digger (Deep Elf Earth Elementalist) Turns: 2282, Time: 00:04:30

Health: -1/24      AC:  3    Str:  5    XL:     4   Next: 13%
Magic:  2/12       EV: 13    Int: 22    God:
Gold:   82         SH:  0    Dex: 15    Spells: 4/11 levels left

rFire   + . .      SeeInvis .   f - +0 dagger (holy)
rCold   x . .      Faith    .   (no shield)
rNeg    . . .      Spirit   .   b - +0 robe
rPois   .          Reflect  .   (no helmet)
rElec   .          Harm     .   (no cloak)
rCorr   .          Rampage  .   (no gloves)
Will    .....                   a - +0 pair of boots
Stlth   ++........              (no amulet)
HPRegen 0.08/turn               d - ring of fire
MPRegen 0.13/turn               (no ring)

@: no status effects
A: no striking features
a: no special abilities


You were on level 3 of the Dungeon.
You visited 1 branch of the dungeon, and saw 3 of its levels.

You collected 82 gold pieces.

Inventory:

Hand Weapons
 f - a +0 dagger of holy wrath (weapon)
Armour
 a - a +0 pair of boots (worn)
 b - a +0 robe (worn)
 l - the +0 robe of Miracles {-Cast rPois rF+ rN++}
   (You found it on level 2 of the Dungeon)

   rF:        It protects you from fire.
   rPois:     It protects you from poison.
   rN:        It greatly protects you from negative energy.
   -Cast:     It prevents spellcasting.
Jewellery
 d - a ring of fire (left hand)
Scrolls
 g - a scroll of immolation {unknown}
 h - a scroll of identify {unknown}
 k - a scroll of silence {unknown}
Potions
 c - a potion of ambrosia {unknown}
 e - a potion of curing {unknown}
 i - a potion of heal wounds {unknown}
 j - a potion of might {unknown}


   Skills:
 - Level 3.0 Dodging
 - Level 3.0 Stealth
 + Level 4.0 Spellcasting
 + Level 0.1 Conjurations
 * Level 1.4 Transmutations
 * Level 0.4 Fire Magic
 + Level 4.3 Earth Magic


You had 4 spell levels left.
You knew the following spells:

 Your Spells              Type           Power      Damage    Failure   Level
a - Sandblast             Erth           46%        2d11      1%          1
b - Passwall              Tmut/Erth      14%        N/A       5%          2
c - Stone Arrow           Conj/Erth      28%        3d8       14%         3
d - Foxfire               Conj/Fire      32%        2x1d5     10%         1

Your spell library contained the following spells:

 Spells                   Type           Power      Damage    Failure   Level
 Blink                    Tloc           8%         N/A       17%         2
 Conjure Flame            Conj/Fire      8%         6-21      30%         3
 Inner Flame              Hex/Fire       7%         N/A       30%         3
 Gell's Gravitas          Tloc           4%         N/A       32%         3
 Teleport Other           Tloc           4%         N/A       32%         3
 Petrify                  Tmut/Erth      17%        N/A       34%         4
 Flame Wave               Conj/Fire      8%         2d5       69%         4
 Manifold Assault         Tloc           4%         N/A       97%         5
 Dispersal                Tloc           2%         N/A       100%        6
 Storm Form               Tmut/Air       3%         N/A       100%        7


Dungeon Overview and Level Annotations

Branches:
Dungeon (3/15)

Altars:

Annotations:
D:3 Jessica


Message History

Casting: Foxfire (safe; 12% risk of failure)
Confirm with . or Enter, or press ? or * to list all spells.
You feel a surge of power!
You conjure some foxfire!
The foxfire hits the gnoll but does no damage.
The gnoll is almost dead.
The gnoll misses you.
The gnoll hits you from afar with a +0 halberd.
The foxfire hits Jessica.
Jessica is severely wounded.
The foxfire hits Jessica.
Jessica is severely wounded.
The gnoll hits you with a +0 club.
Jessica casts a spell.
Jessica seems to speed up.
Unknown command.
Unknown command.
Jessica gestures wildly while chanting.
Jessica blinks!
Unknown command.
Casting: Foxfire (safe; 12% risk of failure)
Confirm with . or Enter, or press ? or * to list all spells.
The spell is extremely dangerous to miscast (16% risk of failure)!
Continue anyway?
Aiming: Stone Arrow (extremely dangerous; 16% risk of failure)
Press: ? - help, Shift-Dir - straight line, f - gnoll
Aim: a gnoll, wielding a +0 halberd (72% to hit)
The stone arrow hits the gnoll!!
You kill the gnoll!
Your Spellcasting skill increases to level 4!
You have reached level 4!
You feel clever.
Unknown command.
Unknown command.
Jessica gestures wildly while chanting.
Jessica blinks!
Unknown command.
Unknown command.
Jessica points at you and mumbles some strange words.
Pain shoots through your body!
Ouch! That really hurt!
You die...

..... ... .. .....#....
.... .. ###...#g#.
#..##. #........
#.......
#...#.######...##..
#.....ยง).g.#...##..
#.....####g#.))##.#
#.....#....#...##.#
###....@...@...##.#
....##........##.#
#.......##........#####
#.##.#..####..........#
#. #.##............##.#
+............##.#
#............##.# #.
#............##.# #.
#............##.#


You could see 2 gnolls and Jessica (fast).

Vanquished Creatures
  2 gnolls
  An adder (D:2)
  2 dart slugs (D:1)
  3 bats
  3 endoplasms
  3 giant cockroaches
  6 goblins
  4 hobgoblins
  3 jackals (D:1)
  2 quokkas (D:1)
  3 ball pythons
  4 frilled lizards (D:1)
  3 kobolds
  4 rats
43 creatures vanquished.

Vanquished Creatures (others)
  16 foxfires (D:3)
16 creatures vanquished.

Grand Total: 59 creatures vanquished

Notes
Turn   | Place    | Note
-------+----------+-------------------------------------------
     0 | D:1      | protoss039 the Deep Elf Earth Elementalist began the quest
                  | for the Orb.
     0 | D:1      | Reached XP level 1. HP: 10/10 MP: 6/6
   140 | D:1      | Reached XP level 2. HP: 15/15 MP: 5/8
   471 | D:1      | Found a faded altar of an unknown god.
   475 | D:1      | Reached XP level 3. HP: 19/19 MP: 6/9
  1387 | D:1      | Learned a level 2 spell: Passwall
  1391 | D:1      | Learned a level 3 spell: Stone Arrow
  1393 | D:1      | Learned a level 1 spell: Foxfire
  1773 | D:2      | Identified the +0 robe of Miracles {-Cast rPois rF+ rN++}
  2268 | D:3      | Noticed Jessica
  2279 | D:3      | Reached XP level 4. HP: 12/24 MP: 2/12
  2282 | D:3      | Killed from afar by Jessica

Illustrated notes

Levels and vault maps discovered:
D:1:      psy_arrival_radial02, layout_rooms,
          shapermc_ecumenical_altar_mp_highgroup, serial_corexii_hall,
          chequers_hall_statues_y, corexii_hall_statues_t,
          hangedman_glass_teeth, minmay_misc_feat_pillars
D:2:      layout_basic
D:3:      layout_basic, grunt_decor_one_mirror, minmay_cupped, uniq_jessica

Skill      XL: |  1  2  3 |
---------------+----------+-----
Dodging        | 3 |  3.0
Earth Magic    | 4 |  4.3
Stealth        | 3 |  3.0
Spellcasting   | 4 |  4.0
Conjurations   | |  0.1
Transmutations | |  1.4
Fire Magic     | |  0.4

Action                   |  1- 3 |  4- 6 || total
-------------------------+-------+-------++-------
Melee: Unarmed           |     2 |       ||     2
       Dagger            |    66 |       ||    66
       Punch             |     3 |       ||     3
 Cast: Sandblast         |    30 |       ||    30
       Stone Arrow       |    11 |       ||    11
       Foxfire           |     9 |       ||     9
 Stab: Sleeping          |     2 |       ||     2
Armor: Robe              |    21 |       ||    21
Dodge: Dodged            |    47 |       ||    47
